 Dungeon Crawl Stone Soup version 0.31-a0-986-g5e6e4ef867 (webtiles) character file.

Game seed: 937946490472364362

318 sammy202020 the Ruffian (level 6, 52/52 HPs)
             Began as a Minotaur Shapeshifter on Nov 14, 2023.
             Quit the game on level 3 of the Dungeon.
             The game lasted 00:02:17 (1718 turns).

sammy202020 the Ruffian (Minotaur Shapeshifter)     Turns: 1718, Time: 00:02:18

Health: 52/52      AC: 11    Str: 18    XL:     6   Next: 21%
Magic:  5/5        EV:  8    Int:  9    God:
Gold:   105        SH:  0    Dex: 10    Spells: 5/5 levels left

rFire   . .          .
                       - Unarmed
rCold   . . .        (no shield)
rNeg    . . .        k - +0 chain mail
rPois   .            (helmet currently unavailable)
rElec   .            (cloak currently unavailable)
rCorr   .            (gloves currently unavailable)
SInv    .            (boots currently unavailable)
Will    .....        (no amulet) Stlth
                     (no ring)
HPRegen 0.28/turn    (no ring)
MPRegen 0.09/turn

%: no passive effects
@: beast-form
A: beast (slay +1), horns 2, retaliatory headbutt, iridescent scales 1, wild
magic 1, inability to drink after injury 1
a: Begin Untransformation


You were on level 3 of the Dungeon.
You were a hulking beast.
You visited 1 branch of the dungeon, and saw 3 of its levels.

You collected 105 gold pieces.

Inventory:

Armour
 a - a +0 animal skin
 k - a +0 chain mail (worn)
Talismans
 c - a beast talisman
 d - a flux talisman
Wands
 f - a wand of flame (24)
Potions
 b - 3 potions of lignification
 e - a potion of curing
 g - a potion of resistance
 h - a potion of brilliance
 i - a potion of heal wounds
 m - a potion of might {unknown}


   Skills:
 * Level 4.0 Fighting
 + Level 2.7 Armour
 + Level 3.3 Dodging
 * Level 4.9 Unarmed Combat
 + Level 2.9 Shapeshifting


You had 5 spell levels left.
You didn't know any spells.
Your spell library contained the following spells:

 Spells                   Type           Power      Damage    Failure   Level
 Wereblood                Tmut           0%         N/A       100%        2
 Irradiate                Conj/Tmut      0%         3d11      100%        5


Dungeon Overview and Level Annotations

Branches:
Dungeon (3/15)

Altars:

Shops:
D:1 (


Innate Abilities, Weirdness & Mutations

You are a hulking beast.
Your limbs bulge with bestial killing power. (Slay +1)
You have a pair of horns on your head.
You reflexively headbutt those who attack you in melee.
You are partially covered in iridescent scales. (AC +2)
Your spells are a little harder to cast, but a little more powerful.
You occasionally lose the ability to drink potions when taking damage.


Message History

The black bear claws you.
You hit the black bear. You headbutt the black bear.
The black bear is heavily wounded.
The black bear bites you.
The black bear claws you but does no damage. x2
You closely miss the black bear.
The black bear is heavily wounded.
The black bear bites you but does no damage.
The black bear claws you but does no damage. x2
You barely miss the black bear. You headbutt the black bear!
The black bear is severely wounded.
The black bear bites you but does no damage.
The black bear claws you but does no damage. x2
You hit the black bear.
The black bear is almost dead.
You barely miss the black bear.
The black bear is almost dead.
The black bear goes berserk!
You hit the black bear.
The black bear is almost dead.
The black bear bites you! The black bear claws you.
The black bear barely misses you.
The black bear bites you but does no damage.
The black bear closely misses you. x2
You hit the black bear but do no damage.
The black bear is almost dead.
The black bear bites you but does no damage.
The black bear claws you.
The black bear claws you but does no damage.
You hit the black bear.
You kill the black bear!
Your Fighting skill increases to level 4!
You have reached level 6!
You can drink potions again.
You feel a genetic drift.
You feel less in control of your magic.
You no longer feel a hidden potential within.
You see here a black bear corpse.
Found a stone staircase leading up.
Are you sure you want to abandon this character and quit the game? (Confirm with "yes".)

####<....#..........#.##########.
.........#..........#.#........#.
########.#..........#.#.######.#.
#.#..........#.#.#......#.
#.#..........#(#.#.######.
#.#..........#.....#......
#.#..........###.###.####.
............†......>.# #.
#.#######h#.####.##..# #. #.#
#.#.#....##..# #. #.#....#.....#
#. #.###.#####.#####. ...
#............. ... #######.######
... .... ....< ...... .........


There were no monsters in sight!

Vanquished Creatures
  Sigmund (D:2)
  A black bear (D:3)
  A jelly (D:2)
  2 worms (D:2)
  7 ball pythons
  3 bats
  An endoplasm (D:1)
  2 giant cockroaches
  3 goblins (D:2)
  A hobgoblin (D:1)
  3 quokkas
  A frilled lizard (D:2)
  2 kobolds
  3 rats
31 creatures vanquished.

Notes
Turn   | Place    | Note
-------+----------+-------------------------------------------
     0 | D:1      | sammy202020 the Minotaur Shapeshifter began the quest for
                  | the Orb.
     0 | D:1      | Reached XP level 1. HP: 16/16 MP: 0/0
    95 | D:1      | Found Yqygg's Antique Weapon Shop.
   216 | D:1      | Reached XP level 2. HP: 23/23 MP: 1/1
   521 | D:1      | Gained mutation: You have hidden genetic potential. [potion
                  | of mutation]
   521 | D:1      | Gained mutation: You occasionally lose the ability to drink
                  | potions when taking damage. [potion of mutation]
   750 | D:2      | Noticed Sigmund
   759 | D:2      | Killed Sigmund
   760 | D:2      | Reached XP level 3. HP: 25/31 MP: 2/2
   760 | D:2      | Reached XP level 4. HP: 31/38 MP: 3/3
   760 | D:2      | Reached XP level 5. HP: 37/45 MP: 4/4
   763 | D:2      | Gained mutation: You are partially covered in iridescent
                  | scales. (AC +2) [hidden potential]
  1163 | D:2      | Found a faded altar of an unknown god.
  1615 | D:3      | Noticed a black bear
  1628 | D:3      | Killed a black bear
  1629 | D:3      | Reached XP level 6. HP: 28/52 MP: 5/5
  1643 | D:3      | Gained mutation: Your spells are a little harder to cast,
                  | but a little more powerful. [hidden potential]
  1643 | D:3      | Lost mutation: You have hidden genetic potential. [hidden
                  | potential expressed]
  1718 | D:3      | Quit the game

Illustrated notes

Levels and vault maps discovered:
D:1:      heliophobic_arrival_dark_side_of_the_moon, layout_basic, serial_shops,
          nicolae_shop_crystal, st_stairs_7
D:2:      layout_loops_ring, hellmonk_ecumenical_altar_inner_sanctum,
          minmay_heptomino_d4, uniq_sigmund
D:3:      layout_basic, mainiacjoe_overflow_alcove_4, serial_shops, shop,
          uniq_natasha

Skill      XL: |  1  2  3  4  5 |
---------------+----------------+-----
Fighting       | 3 4 |  4.0
Armour         | 2 |  2.7
Dodging        | 3 |  3.3
Unarmed Combat | 4 |  4.9
Shapeshifting  | |  2.9

Action                     |  1- 3 |  4- 6 || total
---------------------------+-------+-------++-------
  Melee: Unarmed           |    25 |    44 ||    69
         Punch             |     2 |     1 ||     3
         Headbutt          |       |     7 ||     7
    Use: Scroll            |     3 |     5 ||     8
         Potion            |     1 |       ||     1
 Armour: Animal skin       |     5 |       ||     5
         Ring mail         |     5 |     2 ||     7
         Chain mail        |       |    43 ||    43
  Dodge: Dodged            |     8 |    14 ||    22

Table legend: (Time is in decaauts)
 A = Elapsed time spent in this place.
 B = Non-inter-level travel time spent in this place.
 C = Inter-level travel time spent in this place.
 D = Time resting spent in this place.
 E = Time spent auto-exploring this place.
 F = Levels seen in this place.
 G = Mean time per level.
                   A        B        C        D        E       F      G
               +--------+--------+--------+--------+--------+-----+--------+
         Total |   1711 |   1662 |     49 |    139 |   1252 |   3 |  570.3 |
       Dungeon |   1711 |   1662 |     49 |    139 |   1252 |   3 |  570.3 |
               +--------+--------+--------+--------+--------+-----+--------+

Top non-repeatable levels by time:
     D:1: 681 daAuts
     D:2: 673 daAuts
     D:3: 356 daAuts
